 Dungeon Crawl Stone Soup version 0.23.2-1-ga50397a6bc (webtiles) character file.

Game seed: 11296623858903574464

100 MTandi the Conjurer (level 4, -1/24 HPs)
             Began as a Deep Elf Conjurer on May 29, 2019.
             Slain by a hound skeleton (4 damage)
             ... on level 4 of the Dungeon.
             The game lasted 00:11:04 (2961 turns).

MTandi the Conjurer (Deep Elf Conjurer)             Turns: 2961, Time: 00:11:04

Health: -1/24      AC:  4    Str:  6    XL:     4   Next: 46%
Magic:  1/12       EV: 13    Int: 20    God:
Gold:   182        SH:  0    Dex: 15    Spells: 1/11 levels left

rFire    . . .     SeeInvis .   l - +0 spear
rCold    . . .     Gourm    .   (no shield)
rNeg     . . .     Faith    .   o - +0 robe
rPois    .         Spirit   .   (no helmet)
rElec    .         Reflect  .   (no cloak)
rCorr    .         Harm     .   (no gloves)
MR       .....                  (no boots)
Stlth    ++........             (no amulet)
HPRegen  0.08/turn              j - +2 ring of protection
MPRegen  0.13/turn              (no ring)

@: very slightly contaminated
A: no striking features
a: no special abilities


You were on level 4 of the Dungeon.
You were very hungry.

You visited 1 branch of the dungeon, and saw 4 of its levels.

You collected 182 gold pieces.

Inventory:

Hand Weapons
 d - a +0 hunting sling
 l - a +0 spear (weapon)
Missiles
 b - 6 tomahawks (quivered)
Armour
 o - a +0 robe (worn)
Jewellery
 j - a +2 ring of protection (left hand)
Scrolls
 a - a scroll of teleportation {unknown}
 f - a scroll of random uselessness {unknown}
 h - 4 scrolls of identify {unknown}
 m - a scroll of remove curse {unknown}
Potions
 e - a potion of curing {unknown}
 g - 2 potions of lignification {unknown}
 i - a potion of berserk rage {unknown}
 k - a potion of invisibility {unknown}
Comestibles
 c - 7 rations


   Skills:
 - Level 2.6 Dodging
 - Level 2.8 Stealth
 + Level 4.0 Spellcasting
 * Level 5.9 Conjurations
 + Level 0.0 Hexes


You had one spell level left.
You knew the following spells:

 Your Spells              Type           Power        Failure   Level  Hunger
a - Magic Dart            Conj           ####         1%          1    None
b - Searing Ray           Conj           ####..       1%          2    #......
c - Dazzling Spray        Conj/Hex       ###...       12%         3    ###....
d - Iskenderun's Mystic   Conj           ####....     11%         4    ####...

Your spell library contained the following spells:

 Spells                   Type           Power        Failure   Level  Hunger
 Force Lance              Conj/Tloc      ###.....     36%         4    ####...
 Fulminant Prism          Conj/Hex       ###.......   36%         4    ####...


Dungeon Overview and Level Annotations

Branches:
Dungeon (4/15)
 Temple: D:4-7

Altars:
Gozag

Annotations:
D:4 Menkaure


Message History

The searing ray hits Menkaure.
Menkaure is moderately damaged.
Menkaure hits you but does no damage. The hound skeleton bites you.
Casting: Searing Ray (safe; 1% risk of failure)
Confirm with . or Enter, or press ? or * to list all spells.
Aiming: Searing Ray (safe; 1% risk of failure)
Press: ? - help, Shift-Dir - straight line, f/p - Menkaure
Aim: Menkaure (moderately damaged, fast)
The searing ray hits Menkaure.
Menkaure is moderately damaged. (Press . to maintain the ray.) Menkaure barely misses you.
The hound skeleton misses you.
Menkaure mumbles, "It doesn't hurt if you pull your brain out of your nose yourself."
Menkaure hits you!
Ouch! That really hurt!
* * * LOW HITPOINT WARNING * * *
Without enough magic to sustain it, your searing ray dissipates.
The hound skeleton barely misses you. Menkaure closely misses you.
The hound skeleton bites you.
You die...

#########
#.......#
#.@.....#
#...ZM......#
#......!...(#
#......:....#
#...........#
#.>.........#
#.....?.....#
#..........##


You could see Menkaure and a hound skeleton.

Vanquished Creatures
  2 adders
  An ooze (D:1)
  A worm (D:2)
  2 dart slugs (D:1)
  3 leopard geckos
  A ball python (D:3)
  7 bats
  6 giant cockroaches
  5 goblins
  13 hobgoblins
  3 jackals (D:1)
  A quokka (D:3)
  2 frilled lizards
  5 kobolds
  9 rats
61 creatures vanquished.

Notes
Turn   | Place    | Note
-------+----------+-------------------------------------------
     0 | D:1      | MTandi the Deep Elf Conjurer began the quest for the Orb.
     0 | D:1      | Reached XP level 1. HP: 10/10 MP: 6/6
    89 | D:1      | Reached XP level 2. HP: 15/15 MP: 2/8
   179 | D:1      | Reached skill level 5 in Conjurations
   534 | D:1      | Reached XP level 3. HP: 19/19 MP: 6/9
   943 | D:1      | Learned a level 2 spell: Searing Ray
  1517 | D:2      | Found an opulent altar of Gozag.
  1841 | D:3      | Reached XP level 4. HP: 24/24 MP: 9/11
  2746 | D:4      | Noticed Menkaure
  2946 | D:3      | Learned a level 3 spell: Dazzling Spray
  2951 | D:3      | Learned a level 4 spell: Iskenderun's Mystic Blast
  2961 | D:4      | Slain by a hound skeleton

Skill      XL: |  1  2  3  4 |
---------------+-------------+-----
Conjurations   | 5 |  5.9
Spellcasting   | 4 |  4.0
Dodging        | |  2.6
Stealth        | |  2.8

Action                   |  1- 3 |  4- 6 || total
-------------------------+-------+-------++-------
Melee: Spear             |       |     1 ||     1
Throw: Tomahawk          |     3 |       ||     3
 Cast: Magic Dart        |    70 |    30 ||   100
       Searing Ray       |     1 |     3 ||     4
       Dazzling Spray    |       |     1 ||     1
  Eat: Chunk             |     3 |     2 ||     5
Armor: Robe              |     1 |     5 ||     6
Dodge: Dodged            |     1 |     8 ||     9
